[Event "fics rated crazyhouse match"]
[Site "fics, Oklahoma City, OK USA"]
[Date "2000.02.09"]
[White "venomous"]
[WhiteElo "2492"]
[Black "Thufir"]
[BlackElo "2325"]
[TimeControl "60+0"]
[Result "1-0"]

1. e4 e6 2. d4 d6 3. Be3 Nf6 4. Bd3 Be7 5. Nf3 O-O 6. Nc3 
Bd7 7. O-O Nc6 8. Qe2 Ng4 9. Rae1 e5 10. d5 Nb4 11. Bc4 c6 
12. a3 cxd5 13. exd5 Na6 14. Bxa6 bxa6 15. P@c6 Bf5 16. N@b7 Qc7 17. Nd2 
Nxe3 18. fxe3 B@g6 19. e4 B@h5 20. exf5 Bxe2 21. fxg6 Bxf1 22. gxh7+ Kh8 
23. Rxf1 P@d4 24. Nce4 Q@e3+ 25. B@f2 Qh6 26. N@g4 Qxh7 27. P@f6 gxf6 28. Nexf6 
Bxf6 29. Nxf6 Qg6 30. Nde4 N@h3+ 31. Kh1 Ng5 32. Nxg5 Qxg5 33. N@e4 Qg6 
34. P@g5 P@f5 35. B@h5 Qg7 36. B@h6 fxe4 37. Bxg7+ Kxg7 38. Q@h6# 
{Thufir checkmated} 1-0

[Event "fics rated crazyhouse match"]
[Site "fics, Oklahoma City, OK USA"]
[Date "2000.02.09"]
[White "Thufir"]
[WhiteElo "2321"]
[Black "venomous"]
[BlackElo "2496"]
[TimeControl "60+0"]
[Result "1-0"]

1. e4 e6 2. d4 Nc6 3. Nc3 Nf6 4. Nf3 Bb4 5. e5 Ne4 6. Bd3 
Bxc3+ 7. bxc3 Nxc3 8. Bg5 P@e7 9. O-O Nxd1 10. Raxd1 h6 11. Bd2 d6 
12. N@h5 Q@f8 13. B@h4 Nxd4 14. Nxd4 dxe5 15. Nf3 P@g6 16. Ng3 P@g5 17. Bhxg5 
hxg5 18. Bxg5 B@d5 19. Nxe5 N@c3 20. P@e4 Nxd1 21. exd5 Qxd5 22. N@f3 Nxf2 
23. Rxf2 R@a1+ 24. B@f1 P@g4 25. N@f4 Qc5 26. P@d4 Qb6 27. Nd2 P@f6 28. Nfxg6 
fxg6 29. Nxg6 Qc6 30. Nxh8 Qxh8 31. P@g6 N@h3+ 32. gxh3 gxh3 33. P@f7+ Kd7 
34. P@e4 P@g2 35. Rxg2 hxg2 36. Kxg2 Rxf1 37. Kxf1 B@h3+ 38. Ke2 R@g2+ 39. Kd1 
{venomous forfeits on time} 1-0

[Event "fics rated crazyhouse match"]
[Site "fics, Oklahoma City, OK USA"]
[Date "2000.02.09"]
[White "venomous"]
[WhiteElo "2484"]
[Black "Thufir"]
[BlackElo "2333"]
[TimeControl "60+0"]
[Result "1-0"]

1. e4 e6 2. d4 d5 3. e5 Nc6 4. Nh3 Qd7 5. Bb5 f6 6. exf6 
gxf6 7. O-O Nh6 8. Qh5+ P@g6 9. Qxh6 Bxh6 10. Bxh6 Rg8 11. P@g5 fxg5 
12. N@f6+ Kd8 13. Nxg8 Q@e8 14. Bxg5+ P@e7 15. Nh6 b6 16. P@f7 Bb7 17. fxe8=Q+ 
Qxe8 18. Bxe7+ Nxe7 19. Bxe8 Kxe8 20. P@f7+ Kd7 21. B@e8+ Rxe8 22. fxe8=Q+ Kxe8 
23. Q@f7+ Kd7 24. Q@e8+ Kd6 25. Qexe7+ Kc6 26. Qxc7+ Kb5 27. Qxb7 B@c6 28. Qxa7 
B@a6 29. Nc3+ Kc4 30. Qxa6+ B@b5 31. N@a3+ Kxd4 32. B@e3+ Ke5 33. B@f4# 
{Thufir checkmated} 1-0

[Event "fics rated crazyhouse match"]
[Site "fics, Oklahoma City, OK USA"]
[Date "2000.02.09"]
[White "Thufir"]
[WhiteElo "2328"]
[Black "Korchnoj"]
[BlackElo "2147"]
[TimeControl "60+0"]
[Result "0-1"]

1. e4 d6 2. Nc3 e6 3. d4 Be7 4. Nf3 Nf6 5. Bd3 O-O 6. e5 
Ng4 7. O-O Nc6 8. exd6 cxd6 9. h3 Nf6 10. P@g5 Nd5 11. Nxd5 exd5 
12. N@h5 P@e4 13. Nxg7 exf3 14. Qxf3 Nxd4 15. Qh5 P@g6 16. Qh6 Bxh3 17. Qxh3 
Bxg5 18. Bxg5 Qxg5 19. B@h4 N@f3+ 20. Kh1 Nxh4 21. P@g3 P@g4 22. Qxh4 Qxh4+ 
23. gxh4 B@f4 24. P@g3 P@f3 25. N@f6+ Kh8 26. Q@h2 fxg2+ 27. Qxg2 B@f3 28. Rg1 
Bxg2+ 29. Rxg2 P@f3 30. Rag1 Q@h3+ 31. P@h2 fxg2+ 32. Rxg2 Qxg2+ 33. Kxg2 Q@f3+ 
34. Kf1 R@h1+ 35. B@g1 N@d2+ 36. Ke1 Rxg1+ 37. B@f1 Rxf1+ 38. Bxf1 R@d1# 
{Thufir checkmated} 0-1

[Event "fics rated crazyhouse match"]
[Site "fics, Oklahoma City, OK USA"]
[Date "2000.02.09"]
[White "Korchnoj"]
[WhiteElo "2159"]
[Black "Thufir"]
[BlackElo "2316"]
[TimeControl "60+0"]
[Result "0-1"]

1. e4 e6 2. d4 Nc6 3. Nc3 Nf6 4. Nf3 Bb4 5. Bd3 d5 6. exd5 
exd5 7. O-O P@e4 8. Re1 Be6 9. Ng5 exd3 10. Nxe6 fxe6 11. Rxe6+ Be7 
12. cxd3 B@g4 13. B@f3 Bxe6 14. P@e4 dxe4 15. dxe4 Nxd4 16. P@d5 Nxf3+ 17. Qxf3 
N@d4 18. Qd1 P@e2 19. Nxe2 Nxe2+ 20. Qxe2 N@d4 21. Qe1 P@e2 22. dxe6 R@f1+ 
23. Qxf1 exf1=Q+ 24. Kxf1 B@e2+ 25. Ke1 Q@d1# 
{Korchnoj checkmated} 0-1

[Event "fics rated crazyhouse match"]
[Site "fics, Oklahoma City, OK USA"]
[Date "2001.02.09"]
[White "RFrancisco"]
[WhiteElo "2446"]
[Black "pminear"]
[BlackElo "2546"]
[TimeControl "180+0"]
[Result "0-1"]

1. e4 e5 2. Nf3 Nc6 3. Bc4 Be7 4. O-O Nf6 5. Re1 d6 6. c3 
O-O 7. h3 Be6 8. Bf1 Re8 9. d4 exd4 10. cxd4 P@g4 11. Ng5 gxh3 
12. gxh3 Nb4 13. Na3 Nxa2 14. P@g2 Nxc1 15. Rxc1 B@h6 16. Nxe6 fxe6 17. d5 
P@f7 18. dxe6 fxe6 19. P@d5 exd5 20. exd5 P@e3 21. B@e6+ P@f7 22. Bxf7+ Kxf7 
23. P@e6+ Kf8 24. P@f7 exf2+ 25. Kxf2 P@e3+ 26. Rxe3 Bxe3+ 27. Kxe3 Nxd5+ 28. Qxd5 
Bg5+ 29. Kd3 N@b4+ 30. Kc4 R@f4+ 31. P@e4 Nxd5 32. P@e7+ Nxe7 33. fxe8=Q+ Qxe8 
34. R@h8+ B@g8 35. N@g6+ Nxg6 36. Rxg8+ Kxg8 37. P@f7+ Rxf7 38. exf7+ Qxf7+ 39. B@d5 
N@a5+ 40. Kb4 Q@b3# 
{RFrancisco resigns} 0-1

[Event "fics rated crazyhouse match"]
[Site "fics, Oklahoma City, OK USA"]
[Date "2001.02.09"]
[White "pminear"]
[WhiteElo "2552"]
[Black "RFrancisco"]
[BlackElo "2440"]
[TimeControl "180+0"]
[Result "1-0"]

1. e4 Nf6 2. e5 d5 3. exf6 gxf6 4. d4 Nc6 5. Ne2 Rg8 6. Nbc3 
Bg4 7. N@e3 Bh5 8. Ncxd5 P@h3 9. Ndf4 hxg2 10. Nexg2 Nxd4 11. Nh4 Nxe2 
12. P@d7+ Qxd7 13. Qxd7+ Kxd7 14. Bxe2 Bxe2 15. N@c5+ Kc6 16. Q@d5+ Kb6 17. P@a5+ 
Kxa5 18. Bd2+ Kb6 19. Na4# 
{RFrancisco resigns} 1-0

[Event "fics rated crazyhouse match"]
[Site "fics, Oklahoma City, OK USA"]
[Date "2001.02.09"]
[White "RFrancisco"]
[WhiteElo "2434"]
[Black "pminear"]
[BlackElo "2558"]
[TimeControl "180+0"]
[Result "0-1"]

1. d4 Nf6 2. c4 d5 3. cxd5 Nxd5 4. Nc3 Bf5 5. P@d3 Nb4 6. e4 
P@c2 7. Qe2 Bc8 8. Be3 e6 9. a3 N4c6 10. Nf3 Bxa3 11. Qxc2 P@g4 
12. Ne5 Nxe5 13. dxe5 Bb4 14. N@h5 Rg8 15. P@f6 N@d4 16. Bxd4 Qxd4 17. fxg7 
B@a5 18. N@f6+ Kd8 19. Nxg8 Bxc3+ 20. bxc3 Qxc3+ 21. P@d2 Qxd2+ 22. Qxd2 Bxd2+ 
23. Kxd2 P@c3+ 24. Kxc3 P@d4+ 25. Kxd4 Nc6+ 26. Ke3 Q@d4+ 27. Kd2 N@c4+ 28. Kd1 
Qxa1+ 29. R@c1 R@d2# 
{RFrancisco resigns} 0-1

[Event "fics rated crazyhouse match"]
[Site "fics, Oklahoma City, OK USA"]
[Date "2001.02.09"]
[White "pminear"]
[WhiteElo "2563"]
[Black "RFrancisco"]
[BlackElo "2429"]
[TimeControl "180+0"]
[Result "1-0"]

1. e4 Nf6 2. e5 d5 3. exf6 exf6 4. d4 Nc6 5. Ne2 Bb4+ 6. Bd2 
Qe7 7. N@e3 Qxe3 8. fxe3 N@e4 9. Ng3 P@f2+ 10. Ke2 Bg4+ 11. Q@f3 Bxf3+ 
12. gxf3 Bxd2 13. Bh3 Q@e1+ 14. Rxe1 fxe1=Q+ 15. Qxe1 Bxe1 16. Nxe4 dxe4 17. P@d7+ 
Ke7 18. N@d5+ Kf8 19. Q@e8# 
{RFrancisco resigns} 1-0

[Event "fics rated crazyhouse match"]
[Site "fics, Oklahoma City, OK USA"]
[Date "2000.02.10"]
[White "LSS"]
[WhiteElo "2511"]
[Black "muschem"]
[BlackElo "2331"]
[TimeControl "180+0"]
[Result "1-0"]

1. e4 e5 2. Bc4 c6 3. Nf3 Nf6 4. Nxe5 Nxe4 5. Bxf7+ Ke7 6. d4 
d6 7. Qe2 dxe5 8. Qxe4 Kxf7 9. N@g5+ Kf6 10. Qxe5+ Kg6 11. P@h5+ Kxh5 
12. Nf7+ P@g5 13. Nxd8 B@b4+ 14. Nc3 Bxc3+ 15. bxc3 N@f3+ 16. gxf3 N@g2+ 17. Kd1 
Nd7 18. Qxg5# 
{muschem checkmated} 1-0

[Event "fics rated crazyhouse match"]
[Site "fics, Oklahoma City, OK USA"]
[Date "2000.02.10"]
[White "LSS"]
[WhiteElo "2520"]
[Black "muschem"]
[BlackElo "2186"]
[TimeControl "180+0"]
[Result "1-0"]

1. e4 e5 2. Bc4 Nf6 3. Nf3 Nxe4 4. Nxe5 d5 5. Bb5+ P@c6 6. Be2 
Nd7 7. d4 Nxe5 8. dxe5 Nxf2 9. Kxf2 N@e4+ 10. Kf1 P@f2 11. P@f3 Bc5 
12. N@d3 Bh3 13. gxh3 Qf6 14. exf6 gxf6 15. fxe4 Rg8 16. B@g4 P@e3 17. Nxc5 
f5 18. Q@d7+ Kf8 19. B@h6# 
{muschem resigns} 1-0

[Event "fics rated crazyhouse match"]
[Site "fics, Oklahoma City, OK USA"]
[Date "2000.02.10"]
[White "muschem"]
[WhiteElo "2155"]
[Black "LSS"]
[BlackElo "2523"]
[TimeControl "180+0"]
[Result "0-1"]

1. d4 e6 2. c4 d5 3. c5 Nf6 4. Nf3 Nc6 5. Ne5 Be7 6. Nxc6 
bxc6 7. N@e5 Bd7 8. Bg5 O-O 9. Bxf6 Bxf6 10. N@h5 B@g5 11. e3 Rb8 
12. Nxd7 Qxd7 13. Nxf6+ Bxf6 14. B@e5 Bxe5 15. dxe5 Rxb2 16. B@f6 P@c2 17. Qc1 
cxb1=Q 18. Rxb1 B@a5+ 19. P@d2 Bxd2+ 20. Qxd2 Rxd2 21. Kxd2 N@e4+ 22. Ke2 Q@d2+ 
23. Kf3 Qxf2+ 24. Kg4 N@h6+ 25. Kh5 Nxf6+ 26. exf6 B@g4+ 27. Kg5 Qxf6# 
{muschem checkmated} 0-1

[Event "fics rated crazyhouse match"]
[Site "fics, Oklahoma City, OK USA"]
[Date "2000.02.10"]
[White "LSS"]
[WhiteElo "2525"]
[Black "muschem"]
[BlackElo "2132"]
[TimeControl "180+0"]
[Result "1-0"]

1. e4 c6 2. d4 d5 3. exd5 cxd5 4. Nf3 P@e4 5. Ne5 Nd7 6. Bb5 
Qa5+ 7. Nc3 a6 8. Bxd7+ Bxd7 9. Nxd7 Kxd7 10. N@c5+ Kd6 11. Bf4+ e5 
12. Bxe5+ Kc6 13. B@d7+ Kb6 14. Na4+ Qxa4 15. Nxa4+ Ka5 16. Q@b6# 
{muschem checkmated} 1-0

[Event "fics rated crazyhouse match"]
[Site "fics, Oklahoma City, OK USA"]
[Date "2000.02.10"]
[White "RMG"]
[WhiteElo "2346"]
[Black "Gobi"]
[BlackElo "2408"]
[TimeControl "180+0"]
[Result "0-1"]

1. d4 Nf6 2. Nf3 d5 3. Bf4 Bf5 4. e3 e6 5. Be2 Nc6 6. O-O 
Bd6 7. Bg3 Ne4 8. Nbd2 O-O 9. Rc1 Rc8 10. a3 Qe7 11. c4 Nxd2 
12. Nxd2 Bxg3 13. hxg3 dxc4 14. Nxc4 B@d5 15. P@f3 P@e4 16. N@h4 exf3 17. Bxf3 
P@e4 18. Bg4 Bxg4 19. Qxg4 f5 20. Qd1 B@d3 21. P@g6 B5xc4 22. gxh7+ Kxh7 
23. B@g6+ Kg8 24. P@f7+ Rxf7 25. Bxf7+ Qxf7 26. B@g6 Qf6 27. Rxc4 Bxc4 28. B@f7+ 
Kf8 29. R@g8+ Ke7 30. Rxc8 Kd7 31. Rf8 Bxf1 32. Be8+ Kd8 33. Bxc6+ Qxf8 
34. R@b8+ B@c8 35. Kxf1 R@h1+ 36. B@g1 N@h2+ 37. Ke2 P@d3+ 38. Kd2 R@c2+ 39. Qxc2 
N@f1+ 40. Kc1 R@a1+ 41. R@b1 P@d2+ 42. Qxd2 Rxb1+ 43. Kxb1 Nxd2+ 44. Kc1 Q@b1+ 
45. Kxd2 Qc2+ 46. Ke1 R@d1# 
{RMG checkmated} 0-1

[Event "fics rated crazyhouse match"]
[Site "fics, Oklahoma City, OK USA"]
[Date "2000.02.10"]
[White "Gobi"]
[WhiteElo "2415"]
[Black "RMG"]
[BlackElo "2337"]
[TimeControl "180+0"]
[Result "1-0"]

1. e4 e6 2. d4 Ne7 3. Nc3 Ng6 4. Nf3 Be7 5. Bd3 b6 6. e5 
Bb7 7. Ne4 Nc6 8. c3 d5 9. Ng3 a5 10. Nh5 Rg8 11. Be3 a4 
12. Rc1 a3 13. b3 Na5 14. h3 c5 15. Nxg7+ Rxg7 16. P@f6 N@b2 17. fxg7 
Nxd1 18. g8=Q+ Bf8 19. Rxd1 cxd4 20. N@g7+ Kd7 21. Qxf7+ Kc8 22. P@d7+ Kb8 
23. R@e8 Ka7 24. Rxd8 Rxd8 25. Nxd4 P@c6 26. P@c7 
{RMG resigns} 1-0

[Event "fics rated crazyhouse match"]
[Site "fics, Oklahoma City, OK USA"]
[Date "2000.02.10"]
[White "RMG"]
[WhiteElo "2328"]
[Black "Gobi"]
[BlackElo "2421"]
[TimeControl "180+0"]
[Result "1-0"]

1. d4 Nf6 2. Nf3 d6 3. Bf4 Bf5 4. e3 Nbd7 5. Be2 e6 6. O-O 
Be7 7. Nbd2 h6 8. Rc1 O-O 9. c4 Nh5 10. Bg3 Nxg3 11. hxg3 Nf6 
12. b4 B@d3 13. N@f4 Bde4 14. c5 a5 15. bxa5 Rxa5 16. cxd6 cxd6 17. P@e5 
Ng4 18. exd6 Bxd6 19. P@e5 Ba3 20. P@f6 P@c2 21. Qe1 P@b2 22. fxg7 Re8 
23. Nc4 bxc1=Q 24. Nxa5 Qxe1 25. P@f6 Kh7 26. R@h8+ Rxh8 27. gxh8=Q+ Kxh8 28. Rxe1 
Nxf6 29. exf6 Qxf6 30. N@h5 P@d2 31. R@g8+ Kxg8 32. Nxf6+ Kg7 33. N4h5+ Kg6 
34. Q@g7# 
{Gobi checkmated} 1-0

[Event "fics rated crazyhouse match"]
[Site "fics, Oklahoma City, OK USA"]
[Date "2000.02.10"]
[White "RMG"]
[WhiteElo "2354"]
[Black "Gobi"]
[BlackElo "2401"]
[TimeControl "180+0"]
[Result "1-0"]

1. d4 Nf6 2. Nf3 d6 3. Bf4 Bf5 4. e3 Nbd7 5. Be2 e6 6. O-O 
Be7 7. c4 O-O 8. Nc3 c5 9. dxc5 Nxc5 10. P@d4 Nce4 11. Rc1 Rc8 
12. d5 Nxc3 13. Rxc3 exd5 14. cxd5 Rxc3 15. bxc3 P@c2 16. Qd4 P@b2 17. P@h6 
gxh6 18. Bxh6 R@g6 19. P@g5 c1=Q 20. N@h5 b1=Q 21. Bxf8 Qxf1+ 22. Bxf1 N@e2+ 
23. Kh1 Qxf1+ 24. R@g1 Nxd4 25. P@g7 Rxg7 26. Bxg7 B@h8 27. Bxf6 R@g6 28. Bxe7 
Qxe7 29. R@b8+ B@f8 30. N@f6+ Bxf6 31. Nxf6+ Rxf6 32. gxf6 Qxf6 33. R@g3+ P@g4 
34. R@e8 N@g6 35. B@h6 P@g7 36. B@e7 Nxe7 37. Rxf8# 
{Gobi checkmated} 1-0

[Event "fics rated crazyhouse match"]
[Site "fics, Oklahoma City, OK USA"]
[Date "2000.02.10"]
[White "Gobi"]
[WhiteElo "2392"]
[Black "RMG"]
[BlackElo "2365"]
[TimeControl "180+0"]
[Result "0-1"]

1. Nf3 d5 2. Nc3 c5 3. e4 d4 4. Nb5 Nc6 5. Bc4 e6 6. d3 
a6 7. Na3 Nf6 8. O-O Bd6 9. c3 dxc3 10. bxc3 P@g4 11. Ng5 O-O 
12. P@f4 h6 13. Nxf7 Rxf7 14. P@g6 Rf8 15. e5 Bxe5 16. fxe5 Nxe5 17. B@f7+ 
Kh8 18. Bf4 Nxc4 19. Nxc4 P@f3 20. Ne5 fxg2 21. Kxg2 P@f3+ 22. Kg3 N@f5# 
{Gobi checkmated} 0-1

[Event "fics rated crazyhouse match"]
[Site "fics, Oklahoma City, OK USA"]
[Date "2000.02.10"]
[White "RMG"]
[WhiteElo "2376"]
[Black "Gobi"]
[BlackElo "2383"]
[TimeControl "180+0"]
[Result "1-0"]

1. d4 d5 2. Nf3 Bg4 3. Bf4 Nc6 4. e3 a6 5. Be2 Nf6 6. O-O 
e6 7. Nbd2 Bd6 8. Bg3 O-O 9. a3 Rc8 10. Rc1 Ne4 11. c4 Nxd2 
12. Nxd2 Bxe2 13. Qxe2 B@g6 14. B@h4 Ne7 15. Bxd6 cxd6 16. B@f6 N@f5 17. Bxe7 
Nxe7 18. N@g4 f6 19. N@f4 B@f5 20. cxd5 exd5 21. P@e6 P@g5 22. Nxg6 Bxg6 
23. B@f7+ Kh8 24. Rxc8 Qxc8 25. Bxg6 hxg6 26. B@d7 Qc2 27. R@f7 R@g8 28. Nxf6 
gxh4 29. Rxf8 gxf6 30. Rxg8+ Nxg8 31. R@f7 B@g7 32. Rxg7 Kxg7 33. P@f7 Nh6 
34. R@d8 B@e7 35. Rg8+ Nxg8 36. fxg8=Q+ Kxg8 37. N@c8 B@f8 38. B@f7+ Kg7 39. Qg4 
R@g5 40. Qxg5 fxg5 41. R@g8+ Kf6 42. Rxg6+ Kf5 43. e4+ dxe4 44. P@g4+ Kxg4 
45. h3+ Kf5 46. Nxd6+ Kf4 47. g3+ hxg3 48. fxg3+ Ke3 49. Nf5+ Kd3 
{Gobi forfeits on time} 1-0

[Event "fics rated crazyhouse match"]
[Site "fics, Oklahoma City, OK USA"]
[Date "2000.02.10"]
[White "Gobi"]
[WhiteElo "2375"]
[Black "RMG"]
[BlackElo "2386"]
[TimeControl "180+0"]
[Result "0-1"]

1. e4 e5 2. Nf3 Nc6 3. Bc4 Bc5 4. O-O Nf6 5. Nc3 d6 6. h3 
O-O 7. d3 h6 8. Nd5 Nxd5 9. Bxd5 Ne7 10. Bxh6 gxh6 11. N@f6+ Kh8 
12. Nh5 B@g7 13. P@f6 Bxf6 14. Nxf6 P@g7 15. Nh5 Nxd5 16. exd5 B@g6 17. Ng3 
N@f4 18. B@e3 Bd7 19. Bxc5 dxc5 20. Nxe5 B@d6 21. Nxd7 Qxd7 22. B@g4 Qe7 
23. P@f5 Nxg2 24. fxg6 fxg6 25. B@e4 Nh4 26. N@e6 P@g2 27. Re1 Bxg3 28. fxg3 
P@f2+ 29. Kh2 fxe1=Q 30. Qxe1 N@f1+ 31. Qxf1 gxf1=N+ 32. Rxf1 Rxf1 33. B@e3 R@e1 
34. B@g1 R@e2+ 35. Bxe2 Rxe2+ 36. P@g2 N@f3+ 37. Bxf3 Nxf3+ 38. Kh1 Q@h2# 
{Gobi checkmated} 0-1

[Event "fics rated crazyhouse match"]
[Site "fics, Oklahoma City, OK USA"]
[Date "2000.02.10"]
[White "RMG"]
[WhiteElo "2395"]
[Black "Gobi"]
[BlackElo "2367"]
[TimeControl "180+0"]
[Result "1-0"]

1. d4 Nf6 2. Nf3 d5 3. Bf4 Bf5 4. e3 Nc6 5. Be2 e6 6. O-O 
Bd6 7. Bg3 O-O 8. Nbd2 Ne4 9. a3 Rc8 10. Rc1 f6 11. c4 Nxd2 
12. Nxd2 dxc4 13. Nxc4 N@e4 14. Nxd6 cxd6 15. P@g4 Bg6 16. N@f4 P@f7 17. d5 
exd5 18. Nxd5 Re8 19. P@e7 Nxe7 20. Rxc8 Nxc8 21. B@c7 Qd7 22. f3 Nxg3 
23. hxg3 B@h6 24. N@e4 Bxe4 25. fxe4 P@e6 26. B@f4 exd5 27. Bxh6 gxh6 28. exd5 
B@e5 29. P@f4 Bxb2 30. B@f5 Qxc7 31. Bed3 P@g6 32. Bxc8 Qxc8 33. N@c4 Bxa3 
34. Qb3 Bc5 35. R@e4 Rxe4 36. Bxe4 N@e2+ 37. Kf2 Nxg3 38. Kxg3 N@e2+ 39. Kf2 
N@g3 40. N@e7+ Kg7 41. Nxc8 Nxf1 42. R@g8+ Kxg8 43. Ne7+ Kf8 44. Q@g8+ Kxe7 
45. Qxb7+ P@d7 46. Qxd7+ Kxd7 47. Qxf7+ B@e7 48. P@c6+ Kd8 49. P@c7+ Kc8 50. Qe8+ 
B@d8 51. cxd8=Q+ Bxd8 52. Qd7# 
{Gobi resigns} 1-0

[Event "fics rated crazyhouse match"]
[Site "fics, Oklahoma City, OK USA"]
[Date "2000.02.10"]
[White "Gobi"]
[WhiteElo "2360"]
[Black "RMG"]
[BlackElo "2403"]
[TimeControl "180+0"]
[Result "0-1"]

1. e4 e5 2. Nf3 Nc6 3. Bc4 Bc5 4. d3 Nf6 5. Nc3 h6 6. Nd5 
O-O 7. O-O Nxd5 8. exd5 Nd4 9. Nxe5 d6 10. P@e3 dxe5 11. exd4 Bxd4 
12. N@e4 P@f5 13. Ng3 N@h4 14. c3 Bb6 15. d4 exd4 16. cxd4 P@f3 17. gxf3 
Qxd5 18. N@e7+ Kh7 19. P@g2 Qxc4 20. h3 P@e2 21. Nxe2 B@d3 22. Re1 Bxe2 
23. Rxe2 Bxd4 24. B@d5 Qc5 25. P@g3 P@e6 26. gxh4 exd5 27. h5 N@h4 28. P@g3 
Bxf2+ 29. Rxf2 P@h2+ 30. Kxh2 Qxf2 31. N@f4 N@f1+ 32. Qxf1 Qxf1 33. B@g1 R@e1 
34. Bce3 Rxa1 35. P@g6+ fxg6 36. hxg6+ Nxg6 37. Nexg6 R@h1+ 38. Kxh1 Qxg1+ 39. Bxg1 
Rxg1+ 40. Kxg1 P@f2+ 41. Kxf2 
{Gobi forfeits on time} 0-1

[Event "fics rated crazyhouse match"]
[Site "fics, Oklahoma City, OK USA"]
[Date "2000.02.10"]
[White "Zap"]
[WhiteElo "2018"]
[Black "LSS"]
[BlackElo "2527"]
[TimeControl "180+0"]
[Result "0-1"]

1. e4 e6 2. d4 d5 3. exd5 exd5 4. Nc3 Bb4 5. Nf3 Nc6 6. Bb5 
Qe7+ 7. P@e3 Bg4 8. Bd2 Bxc3 9. bxc3 P@e4 10. B@a4 N@d8 11. Rg1 Nf6 
12. h3 exf3 13. gxf3 Bxh3 14. P@g2 Bd7 15. Rh1 P@e4 16. fxe4 Nxe4 17. Rb1 
P@g3 18. fxg3 Nxg3 19. Bxc6 P@f2+ 20. Kxf2 N@e4+ 21. Kg1 Bxc6 22. Bxc6+ Nxc6 
23. P@f2 Nxh1 24. B@f5 Nhxf2 25. P@d7+ Kf8 26. Bxe4 B@g3 27. N@h1 Nxh1 28. Qf3 
P@f2+ 29. Kf1 dxe4 30. Ke2 exf3+ 31. gxf3 N@g1+ 32. Kd3 B@e2# 
{Zap checkmated} 0-1

[Event "fics rated crazyhouse match"]
[Site "fics, Oklahoma City, OK USA"]
[Date "2000.02.10"]
[White "LSS"]
[WhiteElo "2528"]
[Black "Zap"]
[BlackElo "2017"]
[TimeControl "180+0"]
[Result "1-0"]

1. e4 d5 2. exd5 e6 3. dxe6 Bxe6 4. d4 Nc6 5. Nf3 P@e4 6. Bb5 
exf3 7. Qxf3 Bb4+ 8. P@c3 Be7 9. P@a6 Nf6 10. axb7 Bg4 11. Bxc6+ Kf8 
12. bxa8=Q Bxf3 13. Qxd8+ Bxd8 14. Bxf3 P@e4 15. B@a3+ N@d6 16. Be2 
{Zap resigns} 1-0

[Event "fics rated crazyhouse match"]
[Site "fics, Oklahoma City, OK USA"]
[Date "2000.02.10"]
[White "Zap"]
[WhiteElo "2016"]
[Black "LSS"]
[BlackElo "2529"]
[TimeControl "180+0"]
[Result "0-1"]

1. e4 e6 2. d4 d5 3. exd5 exd5 4. Nf3 Nf6 5. Bb5+ P@c6 6. Qe2+ 
Be7 7. Nc3 cxb5 8. Nxb5 a6 9. Nc3 Nc6 10. P@h6 gxh6 11. Bxh6 Rg8 
12. P@g5 Ne4 13. P@f6 Bb4 14. O-O Bxc3 15. bxc3 N@f4 16. Qe3 Nxg2 17. Kxg2 
B@h3+ 18. Kg1 Bxf1 19. Kxf1 R@h1+ 20. Ke2 Rxa1 21. N@g7+ Rxg7 22. fxg7 R@e1+ 
23. Nxe1 N@g1+ 24. Kf1 Rxe1+ 25. Qxe1 Bh3+ 26. Kxg1 N@f3+ 27. Kh1 P@g2# 
{Zap checkmated} 0-1

[Event "fics rated crazyhouse match"]
[Site "fics, Oklahoma City, OK USA"]
[Date "2000.02.10"]
[White "LSS"]
[WhiteElo "2530"]
[Black "Zap"]
[BlackElo "2015"]
[TimeControl "180+0"]
[Result "1-0"]

1. e4 d6 2. Nc3 Nc6 3. Nf3 Nf6 4. Bb5 Bg4 5. h3 Bh5 6. d4 
e6 7. d5 exd5 8. exd5 P@e4 9. dxc6 bxc6 10. Bxc6+ P@d7 11. Bxe4 Nxe4 
12. Nxe4 B@d5 13. P@d3 Rb8 14. N@f4 Bxe4 15. dxe4 Bxf3 16. Qxf3 N@d4 17. Qd1 
c5 18. B@b3 Nxb3 19. axb3 B@e5 20. N@d3 Bxf4 21. Bxf4 N@h4 22. B@f1 N@e6 
23. Bg3 Be7 24. Rxa7 O-O 25. N@h5 Qb6 26. Ra4 Bg5 27. P@f4 Nxf4 28. Ndxf4 
Bxf4 29. Nxf4 Ng6 30. Nh5 Ra8 31. P@f6 Rxa4 32. fxg7 Rxe4+ 33. B@e3 Rxe3+ 
34. fxe3 B@g5 35. gxf8=Q+ Nxf8 36. R@g7+ Kh8 37. R@g8# 
{Zap checkmated} 1-0

[Event "fics rated crazyhouse match"]
[Site "fics, Oklahoma City, OK USA"]
[Date "2000.02.10"]
[White "Zap"]
[WhiteElo "2014"]
[Black "LSS"]
[BlackElo "2531"]
[TimeControl "180+0"]
[Result "0-1"]

1. e4 e6 2. d4 d5 3. exd5 exd5 4. Nf3 Bg4 5. Be2 Be7 6. Nc3 
Nf6 7. Bf4 Nc6 8. Rg1 O-O 9. h3 Be6 10. Ng5 a6 11. P@e5 Nd7 
12. Nxe6 fxe6 13. Bd2 b5 14. B@b7 Ncxe5 15. dxe5 Nxe5 16. Bxa8 Qxa8 17. N@g5 
P@g3 18. R@f4 gxf2+ 19. Kxf2 Bxg5 20. P@f7+ Nxf7 21. Rf3 N@e4+ 22. Nxe4 dxe4 
23. Rf1 exf3 24. Bxf3 P@e3+ 25. Bxe3 Bxe3+ 26. Kxe3 B@h6+ 27. P@f4 Bxf4+ 28. Kxf4 
Nd6+ 29. Ke3 B@f4+ 30. Kf2 N@e4+ 31. Kg1 P@h2+ 32. Kh1 N@g3+ 33. Kxh2 Nxf1+ 
34. Kg1 P@h2+ 35. Kxf1 h1=Q+ 36. B@g1 Ng3+ 37. Kf2 P@e3+ 38. Ke1 P@f2# 
{Zap checkmated} 0-1

[Event "fics rated crazyhouse match"]
[Site "fics, Oklahoma City, OK USA"]
[Date "2000.02.10"]
[White "LSS"]
[WhiteElo "2538"]
[Black "Sjeng"]
[BlackElo "2135"]
[TimeControl "180+2"]
[Result "1-0"]

1. e4 Nf6 2. e5 Nd5 3. Nc3 e6 4. Nf3 d6 5. d4 Nxc3 6. bxc3 
dxe5 7. Nxe5 N@e4 8. Bd2 Nxf2 9. Kxf2 P@b2 10. Rb1 Qh4+ 11. N@g3 Qf6+ 
12. N@f3 P@h4 13. Ne4 Qe7 14. Rxb2 Nc6 15. Bb5 Bd7 16. Nxd7 Qxd7 17. Bxc6 
N@g4+ 18. Ke2 bxc6 19. N@e5 Nxe5 20. Nxe5 B@h5+ 21. B@f3 Bxf3+ 22. gxf3 Qd8 
23. P@d7+ Qxd7 24. Nxd7 B@c4+ 25. B@d3 Bxd3+ 26. cxd3 N@g2 27. Ndf6+ gxf6 28. Nxf6+ 
Ke7 29. N@g8+ Rxg8 30. Nxg8+ Ke8 31. Nf6# 
{Sjeng resigns} 1-0

[Event "fics rated crazyhouse match"]
[Site "fics, Oklahoma City, OK USA"]
[Date "2000.02.10"]
[White "Sjeng"]
[WhiteElo "2145"]
[Black "LSS"]
[BlackElo "2539"]
[TimeControl "180+2"]
[Result "1-0"]

1. e4 e6 2. d4 d5 3. exd5 exd5 4. Bb5+ c6 5. Qe2+ Be7 6. Bf4 
P@c7 7. Bd3 Nf6 8. P@g5 Ne4 9. Bxe4 dxe4 10. Qxe4 B@d5 11. Qe5 Bxg2 
12. Qxg7 Rf8 13. Qxh7 Bxh1 14. N@g7+ Kd7 15. P@e5 Na6 16. Qh3+ P@e6 17. P@f6 
Bb4+ 18. P@c3 Ba5 19. Nxe6 fxe6 20. P@e7 Qe8 21. exf8=N+ Qxf8 22. Qh7+ R@f7 
23. R@g7 N@g2+ 24. Kd2 Rxg7 25. Qh6 R@f1 26. Bg3 c5 27. fxg7 Rxf2+ 28. Kc1 
Rf1+ 29. R@e1 Rxe1+ 30. Bxe1 Qe7 31. g8=N P@e3 32. Nxe7 Nxe1 33. Q@a4+ B@c6 
34. Nxc6 P@d2+ 35. Nxd2 exd2+ 36. Kxd2 N@f3+ 37. Kc1 bxc6 38. R@f7+ P@e7 39. Nxf3 
Nxf3 40. N@f6+ Kd8 
{LSS resigns} 1-0

[Event "fics rated crazyhouse match"]
[Site "fics, Oklahoma City, OK USA"]
[Date "2000.02.10"]
[White "LSS"]
[WhiteElo "2525"]
[Black "Sjeng"]
[BlackElo "2163"]
[TimeControl "180+2"]
[Result "1-0"]

1. e4 e6 2. Nc3 Nc6 3. Nf3 Bb4 4. Bb5 Bxc3 5. dxc3 N@g4 6. O-O 
N8f6 7. e5 Ncxe5 8. Nxe5 Nxe5 9. Qe2 P@d6 10. Bg5 N@g4 11. B@h3 Nxh2 
12. Kxh2 Nfg4+ 13. Bxg4 Qxg5 14. N@e3 Nxg4+ 15. Nxg4 B@h5 16. N@e3 B@f4+ 17. N@g3 
P@h4 18. N@e4 hxg3+ 19. fxg3 Bxg4 20. Nxg5 Bxe2 21. Rxf4 Q@e5 22. Nxf7 Qh5+ 
23. B@h4 N@f6 24. Bxe2 Qxf7 25. B@h5 N@g6 26. P@g5 e5 27. gxf6 exf4 28. fxg7 
fxg3+ 29. Bxg3 Qxg7 30. Nf5 R@h4+ 31. Bxh4 Qe5+ 32. P@g3 N@f3+ 33. Bexf3 P@g5 
34. Bxg5 P@f6 35. N@g7+ Kf7 36. N@h6+ Kf8 37. Q@f7# 
{Sjeng checkmated} 1-0